cohdb
Replays
Latest Replays
All Replays
Popular Replays
Top Player Replays
Match Explorer
How It Works
Community
CoH3 Stats
Reddit
Sign in to upload your games and track your stats! →
Sign in with Steam
Match 41583524
Unlisted
Match 41583524
Overview
Messages
Build Orders
End
Construct Section Command Post
Infantry Section
Infantry Section
Selects Heavy Armor Battlegroup
Infantry Section
Grenade Package
Infantry Section
Selects Rigorous Vehicle Training
Construct Platoon Command Post
Selects Light Vehicle Withdraw and Refit
Humber Armored Car
Infantry Training
CMP 15cwt Truck
6-pounder Anti-tank Gun Team
Selects Radio Net
Team Weapon Training
6-pounder Anti-tank Gun Team
Unlock M3 Stuart Light Tanks
Selects Recon Artillery
Selects Forward Repair Assembly
Selects UNKNOWN (2162094)
Kakash
Smiguel
游戏玩家
빠따맞을준비하자
Eppels
大炮一响黄金万两
侠客
rafikos
0
0
Comments
sign in to comment!
No comments posted yet!